 Dungeon Crawl Stone Soup version 0.18.1-5-g4a78601 (webtiles) character file.

210 PossumBlood the Chopper (level 5, -1/45 HPs)
             Began as a Minotaur Fighter on May 10, 2016.
             Slain by InterDimensionalOwl's ghost (6 damage)
             ... on level 3 of the Dungeon.
             The game lasted 00:03:20 (1528 turns).

PossumBlood the Chopper (Minotaur Fighter)          Turns: 1528, Time: 00:03:21

Health: -1/45      AC:  8    Str: 27    XL:     5   Next: 57%
Magic:  4/4        EV:  7    Int:  5    God:
Gold:   63         SH: 10    Dex:  9    Spells: 0 memorised, 4 levels left

rFire  . . .     SeeInvis .     a - +0 war axe
rCold  . . .     Gourm    .     b - +0 scale mail
rNeg   . . .     Faith    .     c - +0 shield
rPois  .         Spirit   .     (helmet restricted)
rElec  .         Dismiss  .     (no cloak)
rCorr  .         Reflect  .     (no gloves)
SustAt .         Harm     .     n - +0 pair of boots
MR     .....                    (no amulet)
Stlth  ..........               (no ring)
                                (no ring)

@: mighty, not resistant to hostile enchantments, extremely unstealthy
A: retaliatory headbutt, horns 2
a: no special abilities


You were on level 3 of the Dungeon.
You were not hungry.

You visited 1 branch of the dungeon, and saw 3 of its levels.

You collected 63 gold pieces.

Inventory:

Hand Weapons
 a - a +0 war axe (weapon)
Armour
 b - a +0 scale mail (worn)
 c - a +0 shield (worn)
 n - a +0 pair of boots (worn)
Jewellery
 e - an uncursed amulet of dismissal
Scrolls
 i - a scroll of enchant weapon {unknown}
 j - a scroll of recharging {unknown}
 k - a scroll of teleportation {unknown}
 l - 5 scrolls of identify {unknown}
 m - a scroll of magic mapping {unknown}
 o - a scroll of remove curse {unknown}
Potions
 d - a potion of might
 h - a potion of invisibility {unknown}
Comestibles
 f - a bread ration
 g - a slice of pizza


   Skills:
 - Level 3.6 Fighting
 * Level 7.1 Axes
 - Level 3.6 Armour
 - Level 3.6 Shields


You had 4 spell levels left.
You didn't know any spells.

Dungeon Overview and Level Annotations

Branches:
Dungeon (3/15)

Altars:

Annotations:
D:3 InterDimensionalOwl's ghost, amateur MiBe


Innate Abilities, Weirdness & Mutations

You reflexively headbutt those who attack you in melee.
You have a pair of horns on your head.


Message History

You hit InterDimensionalOwl's ghost.
InterDimensionalOwl's ghost is moderately damaged.
InterDimensionalOwl's ghost hits you!
* * * LOW HITPOINT WARNING * * *
You are too injured to fight recklessly!
You are too injured to fight recklessly!
You are too injured to fight recklessly!
Drink which item? (? for menu, Esc to quit)
You feel very mighty all of a sudden.
InterDimensionalOwl's ghost whispers, "There is no future for you."
InterDimensionalOwl's ghost hits you.
* * * LOW HITPOINT WARNING * * *
You barely miss InterDimensionalOwl's ghost.
InterDimensionalOwl's ghost is moderately damaged.
You block InterDimensionalOwl's ghost's attack.
You hit InterDimensionalOwl's ghost.
You headbutt InterDimensionalOwl's ghost.
InterDimensionalOwl's ghost is heavily damaged.
InterDimensionalOwl's ghost hits you.
You die...

#.##.#..)......#
#.##.####......#...#
.....#......#+##...#
#.####......#.##...#
## #.#
#......#.##...##...
#.##
#......#.##........
...#
#......#.##....#.#.
...#
#..................
...#
######....)@W..#.#.
...# #%..†)........
...#
.......†)%...####
...# ..###.........#
#..# ######......
...# .......# ##.#
#.....## .).#
#.....# #### ....#


You could see InterDimensionalOwl's ghost.

Vanquished Creatures
  2 orc priests (D:3)
  An orc wizard (D:3)
  A gnoll (D:1)
  4 adders
  An ooze (D:1)
  3 dart slugs
  A worm (D:2)
  3 giant geckos
  6 orcs (D:3)
  A ball python (D:2)
  4 giant cockroaches
  10 goblins
  4 hobgoblins
  3 jackals (D:3)
  6 bats
  A giant newt (D:3)
  5 kobolds
  5 rats
61 creatures vanquished.

Notes
Turn   | Place    | Note
--------------------------------------------------------------
     0 | D:1      | PossumBlood the Minotaur Fighter began the quest for the Orb.
     0 | D:1      | Reached XP level 1. HP: 19/19 MP: 0/0
    33 | D:1      | Reached skill level 3 in Axes
   179 | D:1      | Reached XP level 2. HP: 21/26 MP: 1/1
   306 | D:1      | Reached skill level 4 in Axes
   652 | D:1      | Reached XP level 3. HP: 31/31 MP: 2/2
   933 | D:2      | Reached skill level 5 in Axes
  1065 | D:2      | Reached XP level 4. HP: 39/39 MP: 3/3
  1408 | D:3      | Reached skill level 6 in Axes
  1430 | D:3      | Reached XP level 5. HP: 45/45 MP: 4/4
  1506 | D:3      | Reached skill level 7 in Axes
  1510 | D:3      | Noticed InterDimensionalOwl's ghost (amateur MiBe)
  1528 | D:3      | Slain by InterDimensionalOwl's ghost

Skill      XL: |  1  2  3  4  5 |
---------------+----------------+-----
Axes           | 3 4 5 6 7 |  7.1
Fighting       | |  3.6
Armour         | |  3.6
Shields        | |  3.6

Action                   |  1- 3 |  4- 6 || total
-------------------------+-------+-------++-------
Melee: War axe           |    61 |   110 ||   171
       Headbutt          |     8 |    22 ||    30
  Use: Potion            |       |     1 ||     1
  Eat: Meat ration       |       |     1 ||     1
Armor: Scale mail        |    17 |    52 ||    69
Dodge: Dodged            |    15 |    30 ||    45
Block: Shield            |    27 |    61 ||    88
